Map: Simulacrum LE

Players

Ignition

  • Race: Terran Terran
  • League: Diamond
  • Spawn Location: 11:00

ViBE - Winner!

  • Race: Zerg Zerg
  • League: Diamond
  • Spawn Location: 5:00

VOD

Have the link to the VOD?

Description

Time

  • Played on: Dec. 19, 2019, 10:37 p.m.
  • Length: 5:23
Show
View Real Time Build Order
Export as new Build Order

Ignition Terran 

Build Orders: Reaper Expand 

Get SALT Encoding   

  12  0:00  SCV  
  13  0:13  SCV  
  14  0:17  Supply Depot  
  14  0:25  SCV  
  15  0:38  SCV  
  15  0:40  Barracks  
  16  0:44  Refinery  
  16  0:50  SCV  
  17  1:03  SCV  
  18  1:15  SCV  
  19  1:28  Reaper, Orbital Command  
  20  1:41  Command Center  
  20  1:55  Supply Depot, SCV  
  21  2:02  Marine  
  21  2:05  Factory  
  22  2:09  SCV  
  22  2:14  Refinery  
  23  2:21  SCV  
  24  2:23  Barracks Reactor  
  24  2:33  SCV  
  25  2:52  Starport  
  25  2:54  Orbital Command, SCV  
  26  3:08  SCV  
  31  3:13  Barracks Tech Lab, Hellion x2  
  31  3:20  SCV  
  31  3:24  Supply Depot, SCV  
  33  3:31  Viking  
  39  3:34  Hellion x2, SCV  
  40  3:44  SCV  
  40  3:46  SCV  
  42  3:56  SCV  
  42  3:58  SCV  
  44  4:08  SCV  
  45  4:10  SCV  
  45  4:14  Command Center  
  46  4:19  Marine x2  
  46  4:20  Siege Tank  
  46  4:23  Supply Depot  
  51  4:25  Barracks  
  51  4:26  Barracks  
  51  4:34  SCV x2  
  53  4:45  Engineering Bay  
  53  4:46  SCV x2  
  55  4:57  Marine x2  
  59  5:08  Bunker  
Show
View Real Time Build Order
Export as new Build Order

ViBE Zerg - Winner!

Build Orders: Hatch First, Roach Nydus 

Get SALT Encoding   

  12  0:02  Drone  
  13  0:13  Overlord  
  13  0:18  Drone  
  14  0:32  Drone  
  14  0:33  Drone  
  16  0:38  Drone  
  17  0:57  Hatchery  
  17  0:59  Drone  
  17  1:05  Drone  
  18  1:15  Spawning Pool  
  18  1:18  Drone  
  18  1:21  Drone  
  19  1:34  Drone  
  19  1:37  Extractor  
  19  1:42  Drone  
  20  1:55  Overlord  
  20  2:02  Queen  
  22  2:09  Queen, Zergling x4  
  22  2:14  Drone  
  27  2:23  Drone x2  
  29  2:31  Drone  
  29  2:34  Drone  
  31  2:41  Overlord  
  31  2:44  Lair  
  31  2:49  Drone  
  32  2:54  Queen  
  34  2:58  Drone  
  34  2:59  Drone  
  34  3:02  Drone  
  37  3:08  Roach Warren  
  37  3:09  Drone  
  37  3:10  Evolution Chamber  
  36  3:13  Drone  
  36  3:18  Drone  
  36  3:19  Drone x3  
  41  3:23  Drone x2  
  41  3:25  Extractor  
  42  3:31  Queen  
  44  3:49  Nydus Network  
  44  3:50  Drone  
  44  3:51  Overlord x3  
  44  4:04  Evolution Chamber  
  44  4:08  Queen x2, Drone  
  48  4:13  Overlord x2  
  48  4:24  Roach x3  
  48  4:27  Nydus Canal  
  54  4:36  Roach x3  
  54  4:37  Roach  
  62  4:48  Roach x3  
  68  4:55  Roach x2  
  68  5:02  Roach  
  70  5:14  Nydus Canal  
Tags
 
Add a new tag
Caveats
  • Supply blocks, unpowered buildings, or Contaminate may cause inaccurate times.
  • Supply counts are checked every 10 seconds.